 Dungeon Crawl Stone Soup version 0.15-a0-1081-gb32516e (webtiles) character file.

135 Quh the Grave Robber (level 4, -4/33 HPs)
             Began as a Vampire Necromancer on May 28, 2014.
             Killed from afar by Blork the orc (9 damage)
             ... with a puff of frost
             ... on Level 4 of the Dungeon.
             The game lasted 00:19:33 (3149 turns).

Quh the Grave Robber (Vampire Necromancer)          Turns: 3149, Time: 00:19:33

HP  -4/33        AC  3     Str  7      XL: 4   Next: 96%
MP   7/8         EV 11     Int 18      God:
Gold 67          SH  7     Dex 14      Spells:  3 memorised,  3 levels left

rFire  . . .     SeeInvis +     z - +2,+3 dagger (drain)
rCold  . . .     Clarity  .     a - +0 robe
rNeg   + . .     Conserve .     E - +0 buckler
rPois  .         rCorr    .     w - +0 helmet
rElec  .         rRot     .     (no cloak)
SustAb .         Spirit   .     (no gloves)
rMut   .         Warding  .     (no boots)
Gourm  .         Stasis   .     (no amulet)
MR     .....                    (no ring)
                                (no ring)

@: not resistant to hostile enchantments, fairly stealthy
A: fangs 3, see invisible, unbreathing
a: Bat Form


You were on level 4 of the Dungeon.
You were not thirsty.

You visited 1 branch of the dungeon, and saw 4 of its levels.

You collected 67 gold pieces.

Inventory:

Hand weapons
 c - a +1,+2 flail of holy wrath
 j - a +0,+3 dagger of venom
 y - a +2,+2 morningstar of protection
 z - a +2,+3 dagger of draining (weapon)
Missiles
 f - 39 darts (quivered)
 g - 28 bolts
 i - 35 arrows
 n - 16 poisoned needles
 p - 18 arrows of flame
 x - a steel dart
Armour
 a - a +0 robe (worn)
 m - a +0 robe
 r - a +0 helmet
 w - a +0 helmet (worn)
 E - a +0 buckler (worn)
Scrolls
 d - 5 scrolls of remove curse {unknown}
 e - 2 scrolls of blinking {unknown}
 h - a scroll of amnesia {unknown}
 q - 3 scrolls of identify {unknown}
 u - a scroll of enchant weapon I {unknown}
 C - a scroll of magic mapping {unknown}
 D - a scroll of random uselessness {unknown}
Potions
 k - a potion of heal wounds {unknown}
 l - 2 potions of cure mutation {unknown}
 o - a potion of might {unknown}
 s - a potion of curing {unknown}
 t - 2 potions of agility {unknown}
 v - a potion of magic {unknown}
 A - a potion of restore abilities {unknown}
 B - a potion of brilliance {unknown}
 F - 2 potions of degeneration {unknown}
Books
 b - a book of Necromancy

   Spells                             Type                      Level
   *Pain                              Necromancy                   1
   *Animate Skeleton                  Necromancy                   1
   *Vampiric Draining                 Necromancy                   3
   Regeneration                       Charms/Necromancy            3
   Animate Dead                       Necromancy                   4
   Control Undead                     Necromancy                   4


   Skills:
 + Level 1.9 Fighting
 * Level 0.7 Short Blades
 - Level 2.1 Dodging
 * Level 4.9 Stealth
 * Level 0.3 Shields
 + Level 2.5 Spellcasting
 * Level 5.1 Necromancy


You had 3 spell levels left.
You knew the following spells:

 Your Spells              Type           Power        Failure   Level  Hunger
a - Pain                  Necr           ###.         2%          1    #......
b - Animate Skeleton      Necr           N/A          2%          1    #......
c - Vampiric Draining     Necr           ###.......   10%         3    ###....


Dungeon Overview and Level Annotations

Branches:
Dungeon (4/15)
 Temple: D:4-7

Altars:
Nemelex Xobeh

Annotations:
D:3 Grinder
D:4 Blork the orc


Innate Abilities, Weirdness & Mutations

You have razor-sharp teeth.*
You have supernaturally acute eyesight.
You can survive without breathing.*


Message History

Attack!
Something hits your hobgoblin skeleton!
Your hobgoblin skeleton is destroyed!
The centaur wields an uncursed shortbow.
The centaur shoots an arrow.
The arrow hits your rat skeleton!
Your rat skeleton is destroyed!
Casting: Animate Skeleton
Confirm with . or Enter, or press ? or * to list all spells.
Aiming: Pain
Press: ? - help, Shift-Dir - straight line, f/p - centaur
Aim: a centaur, wielding a shortbow Blork the orc barely resists.
Blork the orc zaps a wand.
The magic dart hits you!
* * * LOW HITPOINT WARNING * * *
Casting: Pain
Confirm with . or Enter, or press ? or * to list all spells.
You can't see any susceptible monsters within range! (Use Z to cast anyway.) Unknown command.
Blork the orc points at you and mumbles some strange words.
The puff of frost hits you!
You die...

%.........(. .......
.Z........... .....#
####......... [...# #
#......... ...# #
#.#############o.# #
#.'...........#Z.#
####.#...........#(c#
...%.##''#########.o####
..)(............@......#
..%....................#
.#######...............#
. #...............#
#.#########.....# #.#
#.....# #.# #.....# #.#
#.....# #.# #.....#


You could see Blork the orc and a centaur.

Vanquished Creatures
  A worker ant (D:4)
  3 gnolls (D:3)
  An adder (D:3)
  A giant mite (D:1)
  A worm (D:2)
  2 giant geckos
  3 oozes
  A bat (D:3)
  A giant cockroach (D:3)
  4 goblins
  7 hobgoblins
  7 jackals
  A ball python (D:1)
  4 giant newts
  6 kobolds
  5 orcs
  2 quokkas
  4 rats
54 creatures vanquished.

Vanquished Creatures (collateral kills)
  An adder (D:2)
  A giant gecko (D:3)
  3 orcs (D:3)
  A hobgoblin (D:2)
6 creatures vanquished.

Vanquished Creatures (others)
  2 hobgoblin skeletons
  A jackal skeleton (D:4)
  2 kobold skeletons
  An orc skeleton (D:4)
  A quokka skeleton (D:3)
  2 rat skeletons
9 creatures vanquished.

Grand Total: 69 creatures vanquished

Notes
Turn   | Place    | Note
--------------------------------------------------------------
     0 | D:1      | Quh, the Vampire Necromancer, began the quest for the Orb.
     0 | D:1      | Reached XP level 1. HP: 13/13 MP: 3/3
     2 | D:1      | Learned a level 1 spell: Animate Skeleton
   377 | D:1      | Reached XP level 2. HP: 13/19 MP: 0/4
   893 | D:2      | Reached XP level 3. HP: 12/25 MP: 1/6
  1126 | D:2      | Reached skill level 1 in Fighting
  1686 | D:3      | Learned a level 3 spell: Vampiric Draining
  1716 | D:3      | Reached XP level 4. HP: 20/32 MP: 4/8
  1793 | D:3      | Noticed Grinder
  2405 | D:3      | Reached skill level 5 in Necromancy
  2565 | D:3      | Found a sparkling altar of Nemelex Xobeh.
  3139 | D:4      | Noticed Blork the orc
  3141 | D:4      | Noticed a centaur
  3149 | D:4      | Killed from afar by Blork the orc

Action                   |  1- 3 |  4- 6 || total
-------------------------+-------+-------++-------
Melee: Unarmed           |    11 |       ||    11
       Dagger            |    31 |    35 ||    66
 Cast: Pain              |    45 |    14 ||    59
       Animate Skeleton  |     8 |     8 ||    16
       Vampiric Draining |       |     3 ||     3
 Stab: Sleeping          |       |     1 ||     1
